 Dungeon Crawl Stone Soup version 0.21.1-1-g345015fe64 (webtiles) character file.

486 Schimscham the Chiller (level 6, -2/41 HPs)
             Began as a Demonspawn Ice Elementalist on July 17, 2018.
             Slain by an ogre
             ... wielding a +0 giant spiked club
              (25 damage)
             ... on level 4 of the Dungeon.
             The game lasted 00:08:43 (3674 turns).

Schimscham the Chiller (DsIE)                       Turns: 3674, Time: 00:08:44

Health: -2/41      AC:  9    Str:  8    XL:     6   Next: 89%
Magic:  3/12       EV: 12    Int: 19    God:
Gold:   138        SH:  0    Dex: 13    Spells: 5/13 levels left

rFire    + . .     SeeInvis .   s - +0 long sword
rCold    . . .     Gourm    .   (no shield)
rNeg     . . .     Faith    .   C - +0 leather armour {rF+}
rPois    .         Spirit   .   (no helmet)
rElec    .         Reflect  .   (no cloak)
rCorr    .         Harm     .   (no gloves)
MR       .....                  (no boots)
Stlth    +.........             (no amulet)
HPRegen  0.13/turn              (no ring)
MPRegen  0.13/turn              (no ring)

@: icy armour, slow
A: hooves 1, powered by death 1, sturdy frame 1
a: no special abilities


You were on level 4 of the Dungeon.
You were not hungry.

You visited 1 branch of the dungeon, and saw 4 of its levels.

You collected 138 gold pieces.

Inventory:

Hand Weapons
 e - a +0 hunting sling
 f - a +0 club
 s - a +0 long sword (weapon)
 D - a +2 spear of venom
Missiles
 d - 121 stones
 l - 6 javelins of penetration (quivered)
 u - 69 arrows
 y - 36 bolts
Armour
 a - a +0 robe
 C - a +0 leather armour of fire resistance (worn)
Scrolls
 g - 12 scrolls of identify {unknown}
 i - 2 scrolls of remove curse {unknown}
 j - a scroll of amnesia {unknown}
 p - a scroll of fear {unknown}
 r - a scroll of magic mapping {unknown}
 t - 2 scrolls of random uselessness {unknown}
 v - a scroll of noise {unknown}
 w - 2 scrolls of enchant armour {unknown}
 x - a scroll of teleportation {unknown}
Potions
 h - 2 potions of haste {unknown}
 k - 3 potions of lignification {unknown}
 m - a potion of heal wounds {unknown}
 n - a potion of flight {unknown}
 o - a potion of berserk rage {unknown}
 q - a potion of curing {unknown}
 z - a potion of mutation {unknown}
 A - 2 potions of brilliance {unknown}
Books
 b - a book of Frost

   Spells                             Type                      Level
   a - Freeze                         Ice                          1
   b - Throw Frost                    Conjuration/Ice              2
   c - Ozocubu's Armour               Charms/Ice                   3
   d - Throw Icicle                   Conjuration/Ice              4
   e - Summon Ice Beast               Ice/Summoning                4
Comestibles
 c - 11 rations
 B - 4 chunks of flesh


   Skills:
 - Level 1.7 Dodging
 - Level 1.7 Stealth
 * Level 4.3 Spellcasting
 * Level 3.2 Conjurations
 + Level 1.6 Charms
 * Level 4.7 Ice Magic


You had 5 spell levels left.
You knew the following spells:

 Your Spells              Type           Power        Failure   Level  Hunger
a - Freeze                Ice            ###.         1%          1    None
b - Throw Icicle          Conj/Ice       ###.....     26%         4    ####...
c - Ozocubu's Armour      Chrm/Ice       ###.....     12%         3    ###....


Dungeon Overview and Level Annotations

Branches:
Dungeon (4/15)
 Temple: D:4-7

Altars:

Annotations:
D:3 SlightEye's ghost, weakling DsFi


Innate Abilities, Weirdness & Mutations

You have large cloven feet.
You regenerate a little health from kills.
Your movements are slightly less encumbered by armour. (ER -2)


Message History

The ogre is heavily wounded.
The ogre hits you with a giant spiked club!
Casting: Freeze
Confirm with . or Enter, or press ? or * to list all spells.
Aiming: Freeze
Press: ? - help, Shift-Dir - straight line, f/p - ogre
Aim: an ogre, wielding a giant spiked club (heavily wounded)
You freeze the ogre.
The ogre is severely wounded.
The ogre misses you.
Casting: Freeze
Confirm with . or Enter, or press ? or * to list all spells.
Aiming: Freeze
Press: ? - help, Shift-Dir - straight line, f/p - ogre
Aim: an ogre, wielding a giant spiked club (severely wounded)
You freeze the ogre.
The ogre is almost dead.
The ogre hits you with a giant spiked club!!
Ouch! That really hurt!
You die...

######+#######
.............#
.............#
+....#
.............#
#....#
.......@.....#
#....#
.....#O##....#
#....# ### #.
#....#####....#
..
#.............#
...
#.............#
....
#.............#
.....
#.............#+
######
#...............
#######+####+#..


You could see an ogre.

Vanquished Creatures
  A scorpion (D:4)
  3 orc priests
  A hound (D:4)
  5 orc wizards
  2 worker ants (D:4)
  3 gnolls (D:2)
  An adder (D:4)
  An adder skeleton (D:4)
  7 worms
  A dart slug (D:2)
  14 orcs
  4 giant cockroaches
  5 goblins
  6 hobgoblins
  2 jackals (D:2)
  6 bats
  7 frilled lizards
  5 kobolds
  2 rats (D:3)
76 creatures vanquished.

Notes
Turn   | Place    | Note
-------+----------+-------------------------------------------
     0 | D:1      | Schimscham the Demonspawn Ice Elementalist began the quest for the Orb.
     0 | D:1      | Reached XP level 1. HP: 13/13 MP: 3/3
   508 | D:1      | Gained mutation: Your movements are slightly less encumbered by armour. (ER -2) [demonic ancestry]
   508 | D:1      | Reached XP level 2. HP: 19/19 MP: 0/5
   957 | D:2      | Reached XP level 3. HP: 23/24 MP: 4/7
  1434 | D:2      | Gained mutation: You have large cloven feet. [demonic ancestry]
  1434 | D:2      | Reached XP level 4. HP: 27/30 MP: 5/8
  1482 | D:2      | Learned a level 4 spell: Throw Icicle
  1486 | D:2      | Learned a level 3 spell: Ozocubu's Armour
  2271 | D:3      | Gained mutation: You regenerate a little health from kills. [demonic ancestry]
  2271 | D:3      | Reached XP level 5. HP: 35/35 MP: 5/10
  2289 | D:3      | Noticed SlightEye's ghost (weakling DsFi)
  2728 | D:3      | Reached skill level 1 in Charms
  2967 | D:4      | Reached XP level 6. HP: 33/41 MP: 3/11
  3674 | D:4      | Slain by an ogre

Skill      XL: |  1  2  3  4  5  6 |
---------------+-------------------+-----
Ice Magic      | 3 4 |  4.7
Spellcasting   | 3 4 |  4.3
Conjurations   | 2 3 |  3.2
Charms         | 1 |  1.6
Dodging        | |  1.7
Stealth        | |  1.7

Action                   |  1- 3 |  4- 6 || total
-------------------------+-------+-------++-------
Melee: Long sword        |       |    33 ||    33
       Kick              |       |     8 ||     8
 Fire: Hunting sling     |    36 |    10 ||    46
Throw: Javelin           |    11 |     4 ||    15
 Cast: Freeze            |    41 |   111 ||   152
       Ozocubu's Armour  |       |     2 ||     2
 Stab: Sleeping          |       |     1 ||     1
  Eat: Chunk             |     2 |     7 ||     9
Armor: Robe              |     6 |    19 ||    25
       Leather armour    |       |     5 ||     5
Dodge: Dodged            |    22 |    79 ||   101
       Rpst.: Long sword |       |    23 ||    23
